[Event "Asian Nation Cup Open 2018"]
[Site "Hamedan"]
[Date "2018.07.28"]
[Round "1"]
[White "Gupta, Abhijeet"]
[Black "Abdisalimov, Abdimalik"]
[Result "1/2-1/2"]
[ECO "E42"]
[WhiteElo "2614"]
[BlackElo "2331"]
[Annotator "ChessBase"]
[PlyCount "40"]
[EventDate "2018.07.27"]
[EventType "swiss"]
[EventCountry "IRI"]
[SourceTitle "playchess.com"]
[Source "ChessBase"]
[SourceQuality "1"]
[WhiteTeam "IND"]
[BlackTeam "UZB"]
[TimeControl "40/5400+30:1800+30"]

1. d4 Nf6 2. c4 e6 3. Nc3 Bb4 4. e3 c5 5. Nge2 cxd4 6. exd4 O-O 7. a3 Be7 8. Nf4 d5 9. cxd5 Nxd5 10. Ncxd5 exd5 11. Bd3 Nc6 12. O-O Bg5 13. Be3 Bxf4 14. Bxf4 Nxd4 15. Bxh7+ Kxh7 16. Qxd4 Bf5 17. Rfe1 f6 18. Rad1 Re8 19. Be3 a6 20. f3 Rc8 1/2-1/2

[Event "Asian Nation Cup Open 2018"]
[Site "Hamedan"]
[Date "2018.07.28"]
[Round "1"]
[White "Wen, Yang"]
[Black "Gholami, Aryan"]
[Result "1/2-1/2"]
[ECO "B44"]
[WhiteElo "2599"]
[BlackElo "2492"]
[Annotator "ChessBase"]
[PlyCount "81"]
[EventDate "2018.07.27"]
[EventType "swiss"]
[EventCountry "IRI"]
[SourceTitle "playchess.com"]
[Source "ChessBase"]
[SourceQuality "1"]
[WhiteTeam "China"]
[BlackTeam "Iran"]
[WhiteTeamCountry "CHN"]
[BlackTeamCountry "IRI"]
[TimeControl "40/5400+30:1800+30"]

1. e4 c5 2. Nf3 e6 3. d4 cxd4 4. Nxd4 Nc6 5. g3 Bc5 6. Nb3 Be7 7. Bg2 Nf6 8. O-O O-O 9. c4 d6 10. Bf4 a5 11. Nc3 a4 12. Nc1 e5 13. Bd2 Bg4 14. N1e2 Nd4 15. Be3 Nxe2+ 16. Nxe2 Qa5 17. Qd3 Rfc8 18. Rab1 a3 19. b3 b5 20. cxb5 Bd7 21. Rfc1 Bxb5 22. Qd1 Ng4 23. Bd2 Qb6 24. Qe1 Bd3 25. Ra1 d5 26. h3 Nf6 27. exd5 Be4 28. Be3 Qb7 29. Bxe4 Nxe4 30. Qd1 Rd8 31. Nc3 Nxc3 32. Rxc3 Rxd5 33. Qc2 Rad8 34. Rc1 h6 35. h4 R5d7 36. Kh2 Bb4 37. Rc7 Rxc7 38. Qxc7 Qxc7 39. Rxc7 f5 40. Kg2 Bd6 41. Rc4 1/2-1/2

[Event "Asian Nation Cup Open 2018"]
[Site "Hamedan"]
[Date "2018.07.28"]
[Round "1"]
[White "Bai, Jinshi"]
[Black "Javanbakht, Nima"]
[Result "1-0"]
[ECO "D31"]
[WhiteElo "2588"]
[BlackElo "2439"]
[Annotator "ChessBase"]
[PlyCount "63"]
[EventDate "2018.07.27"]
[EventType "swiss"]
[EventCountry "IRI"]
[SourceTitle "playchess.com"]
[Source "ChessBase"]
[SourceQuality "1"]
[WhiteTeam "China"]
[BlackTeam "Iran"]
[WhiteTeamCountry "CHN"]
[BlackTeamCountry "IRI"]
[TimeControl "40/5400+30:1800+30"]

1. d4 d5 2. c4 e6 3. Nc3 c6 4. e4 dxe4 5. Nxe4 Bb4+ 6. Nc3 c5 7. a3 Bxc3+ 8. bxc3 Nf6 9. Nf3 O-O 10. Bd3 Nbd7 11. O-O Qc7 12. Re1 b6 13. Ne5 Bb7 14. Bf4 Nxe5 15. dxe5 Qc6 16. f3 Nd7 17. Bc2 Rad8 18. Qd3 f5 19. exf6 Nxf6 20. Qe2 Rde8 21. Rad1 Nh5 22. Be5 Nf4 23. Qe3 Ng6 24. Rd6 Qc7 25. Red1 Nxe5 26. Qxe5 Qf7 27. Rd7 Re7 28. Qc7 Rxd7 29. Rxd7 Qf6 30. Qxb7 Qxc3 31. Qe4 g6 32. Qxe6+ 1-0

[Event "Asian Nation Cup Open 2018"]
[Site "Hamedan"]
[Date "2018.07.28"]
[Round "1"]
[White "Idani, Pouya"]
[Black "Islam, Kh  Aminul"]
[Result "1-0"]
[ECO "C78"]
[WhiteElo "2583"]
[BlackElo "2293"]
[Annotator "ChessBase"]
[PlyCount "47"]
[EventDate "2018.07.27"]
[EventType "swiss"]
[EventCountry "IRI"]
[SourceTitle "playchess.com"]
[Source "ChessBase"]
[SourceQuality "1"]
[WhiteTeam "Iran"]
[BlackTeam "Bangladesh"]
[WhiteTeamCountry "IRI"]
[BlackTeamCountry "BAN"]
[TimeControl "40/5400+30:1800+30"]

1. e4 e5 2. Nf3 Nc6 3. Bb5 a6 4. Ba4 Nf6 5. O-O b5 6. Bb3 Bc5 7. a4 Rb8 8. c3 d6 9. d4 Bb6 10. a5 Ba7 11. h3 Bb7 12. Be3 Ra8 13. dxe5 Bxe3 14. exf6 Bh6 15. fxg7 Bxg7 16. Bd5 O-O 17. Nbd2 Rb8 18. Re1 Kh8 19. Nb3 Qf6 20. Nbd4 Ne7 21. Bxb7 Rxb7 22. e5 dxe5 23. Nxe5 Rd8 24. Ng4 1-0

[Event "Asian Nation Cup Open 2018"]
[Site "Hamedan"]
[Date "2018.07.28"]
[Round "1"]
[White "Firouzja, Alireza"]
[Black "Ahmed, Sk  Nasir"]
[Result "1-0"]
[ECO "B45"]
[WhiteElo "2561"]
[BlackElo "2257"]
[Annotator "ChessBase"]
[PlyCount "61"]
[EventDate "2018.07.27"]
[EventType "swiss"]
[EventCountry "IRI"]
[SourceTitle "playchess.com"]
[Source "ChessBase"]
[SourceQuality "1"]
[WhiteTeam "Iran"]
[BlackTeam "Bangladesh"]
[WhiteTeamCountry "IRI"]
[BlackTeamCountry "BAN"]
[TimeControl "40/5400+30:1800+30"]

1. e4 c5 2. Nf3 e6 3. d4 cxd4 4. Nxd4 Nc6 5. Nc3 d6 6. Be3 Nf6 7. Qd2 Be7 8. f3 O-O 9. O-O-O a6 10. g4 Nxd4 11. Bxd4 b5 12. g5 Nd7 13. h4 b4 14. Na4 Rb8 15. b3 Qc7 16. h5 Nc5 17. Nb2 f5 18. gxf6 Bxf6 19. h6 g6 20. Nc4 Be5 21. Nxe5 dxe5 22. Bb2 Bb7 23. Qg5 Rbc8 24. Bc4 Rxf3 25. Bxe5 Qc6 26. Rhf1 Qxe4 27. Rd8+ Kf7 28. Rxf3+ Qxf3 29. Bxe6+ Nxe6 30. Rd7+ Kg8 31. Qxg6+ 1-0

[Event "Asian Nation Cup Open 2018"]
[Site "Hamedan"]
[Date "2018.07.28"]
[Round "1"]
[White "Hossain, Enamul"]
[Black "Maghsoodloo, Parham"]
[Result "0-1"]
[ECO "B67"]
[WhiteElo "2473"]
[BlackElo "2636"]
[Annotator "RC"]
[PlyCount "98"]
[EventDate "2018.07.27"]
[EventType "swiss"]
[EventCountry "IRI"]
[SourceTitle "playchess.com"]
[Source "ChessBase"]
[SourceQuality "1"]
[WhiteTeam "Bangladesh"]
[BlackTeam "Iran"]
[WhiteTeamCountry "BAN"]
[BlackTeamCountry "IRI"]
[TimeControl "40/5400+30:1800+30"]

1. e4 c5 2. Nf3 Nc6 3. d4 cxd4 4. Nxd4 Nf6 5. Nc3 d6 6. Bg5 e6 7. Qd2 a6 8. O-O-O Bd7 9. f3 Be7 10. h4 h6 11. Be3 h5 12. Kb1 b5 13. Nxc6 Bxc6 14. Ne2 Qc7 15. Nd4 Bd7 16. Bg5 Rb8 17. Nb3 e5 18. g3 Be6 19. Bh3 Rd8 20. Bxe6 fxe6 21. Rhe1 O-O 22. Qe2 Rc8 23. Rd3 a5 24. Rc3 Qb6 25. Rxc8 Rxc8 26. Nc1 b4 27. f4 exf4 28. gxf4 Qc7 29. Nd3 Ng4 30. Rc1 Bxg5 31. hxg5 Qf7 32. Rf1 g6 33. b3 Rf8 34. Rd1 Qe7 35. Rf1 e5 36. fxe5 Rxf1+ 37. Qxf1 dxe5 38. Qc1 Kg7 39. Qd2 Qd8 40. Qc1 h4 41. Qg1 Qxg5 42. Nc5 Kf7 43. Qf1+ Qf6 44. Qe2 Nh6 45. Qd2 Kg7 46. Qd7+ Nf7 47. Ne6+ Kh6 48. Nf8 Ng5 49. Qe8 Qf7 0-1

[Event "Asian Nation Cup Open 2018"]
[Site "Hamedan"]
[Date "2018.07.28"]
[Round "1"]
[White "Makhnev, Denis"]
[Black "Abdulwahhab, Ahmed Abdulsattar A"]
[Result "1-0"]
[ECO "A48"]
[WhiteElo "2437"]
[BlackElo "2290"]
[Annotator "NA"]
[PlyCount "94"]
[EventDate "2018.07.27"]
[EventType "swiss"]
[EventCountry "IRI"]
[SourceTitle "playchess.com"]
[Source "ChessBase"]
[SourceQuality "1"]
[WhiteTeam "Kazakhstan"]
[BlackTeam "Iraq"]
[WhiteTeamCountry "KAZ"]
[BlackTeamCountry "IRQ"]
[TimeControl "40/5400+30:1800+30"]

1. d4 Nf6 2. Nf3 g6 3. Bf4 Bg7 4. e3 O-O 5. Be2 d6 6. h3 c5 7. c3 b6 8. O-O Bb7 9. a4 a6 10. Nbd2 Nbd7 11. Bd3 Rc8 12. Qe2 Ra8 13. Bh2 Re8 14. e4 cxd4 15. cxd4 e5 16. dxe5 dxe5 17. b4 Nh5 18. Qe3 Nf4 19. Bc4 Qe7 20. Rab1 Bh6 21. Kh1 Kg7 22. Qb3 f6 23. Rfd1 Nf8 24. Bxf4 Bxf4 25. Bd5 Bxd2 26. Rxd2 Rad8 27. Rbd1 Bxd5 28. exd5 Qd7 29. Ne1 Rc8 30. Nc2 b5 31. axb5 axb5 32. Na3 Ra8 33. Qd3 Reb8 34. Nc2 Ra4 35. f4 exf4 36. Qf3 g5 37. d6 Re8 38. Qc3 Raa8 39. Nd4 Rac8 40. Qf3 Re5 41. Qd3 Kf7 42. Nb3 Kg7 43. Nc5 Qc6 44. Re2 Rd8 45. Rxe5 fxe5 46. Qf5 Qe8 47. Qxg5+ Kh8 1-0

[Event "Asian Nation Cup Open 2018"]
[Site "Hamedan"]
[Date "2018.07.28"]
[Round "1"]
[White "Gholami Orimi, Mahdi"]
[Black "Xu, Xiangyu"]
[Result "0-1"]
[ECO "A40"]
[WhiteElo "2334"]
[BlackElo "2585"]
[Annotator "ChessBase"]
[PlyCount "70"]
[EventDate "2018.07.27"]
[EventType "swiss"]
[EventCountry "IRI"]
[SourceTitle "playchess.com"]
[Source "ChessBase"]
[SourceQuality "1"]
[WhiteTeam "Iran"]
[BlackTeam "China"]
[WhiteTeamCountry "IRI"]
[BlackTeamCountry "CHN"]
[TimeControl "40/5400+30:1800+30"]

1. d4 g6 2. Nf3 Bg7 3. g3 f5 4. Bg2 Nf6 5. O-O O-O 6. b3 b6 7. Bb2 Bb7 8. c4 e6 9. Nc3 Ne4 10. Rc1 Na6 11. Ne1 Qe7 12. e3 c5 13. d5 Rad8 14. Ba1 Bxc3 15. Bxe4 fxe4 16. d6 Qg5 17. Bxc3 Rde8 18. Qd2 Nb8 19. a3 Nc6 20. b4 Nd8 21. Ba1 Bc6 22. h4 Qf5 23. Qc3 e5 24. Rd1 Nf7 25. Kg2 Nh6 26. Qd2 Qh5 27. Qc1 g5 28. Rd2 gxh4 29. Rh1 Nf5 30. Kg1 Qg5 31. Ng2 hxg3 32. Qe1 Re6 33. Bc3 Rg6 34. Rh3 Qg4 35. Rh1 Qf3 0-1

[Event "Asian Nation Cup Open 2018"]
[Site "Hamedan"]
[Date "2018.07.28"]
[Round "1"]
[White "Noah, A  H  Al-Ali"]
[Black "Kostenko, Petr"]
[Result "0-1"]
[ECO "C44"]
[WhiteElo "2288"]
[BlackElo "2444"]
[Annotator "NA"]
[PlyCount "99"]
[EventDate "2018.07.27"]
[EventType "swiss"]
[EventCountry "IRI"]
[SourceTitle "playchess.com"]
[Source "ChessBase"]
[SourceQuality "1"]
[WhiteTeam "Iraq"]
[BlackTeam "Kazakhstan"]
[WhiteTeamCountry "IRQ"]
[BlackTeamCountry "KAZ"]
[TimeControl "40/5400+30:1800+30"]

1. e4 e5 2. Nf3 Nc6 3. d4 exd4 4. Nxd4 Bb4+ 5. c3 Be7 6. Nf5 Bf6 7. Ng3 g6 8. f4 d6 9. Be3 Bg7 10. Nd2 Nf6 11. Bd3 Qe7 12. Qf3 d5 13. O-O Bg4 14. Qf2 dxe4 15. Ndxe4 O-O-O 16. Bc5 Qd7 17. Bc2 b6 18. h3 Nxe4 19. Bxe4 Be6 20. Qe2 Na5 21. Rfd1 Qe8 22. Bb4 Rxd1+ 23. Rxd1 f5 24. Bf3 Bc4 25. Qc2 Qe3+ 26. Qf2 Qxf2+ 27. Kxf2 Rd8 28. Bxa5 Rxd1 29. Bxd1 bxa5 30. Bb3 Bxb3 31. axb3 Kd7 32. Ke3 Kc6 33. Kd3 Bf8 34. Nf1 Bd6 35. g3 Bc5 36. g4 fxg4 37. hxg4 Kd5 38. Ng3 Bd6 39. c4+ Ke6 40. Ke4 Bf8 41. g5 Bg7 42. Nf1 Bxb2 43. Ne3 Kd6 44. Ng4 Kc5 45. Kd3 Bc1 46. Nf6 Bxf4 47. Nxh7 Kb4 48. Kc2 a4 49. bxa4 Kxc4 50. Nf8 0-1

[Event "Asian Nation Cup Open 2018"]
[Site "Hamedan"]
[Date "2018.07.28"]
[Round "1"]
[White "Al-Ali, Hussein Ali Hussein"]
[Black "Kazhgaleyev, Murtas"]
[Result "0-1"]
[ECO "C47"]
[WhiteElo "2267"]
[BlackElo "2575"]
[Annotator "ChessBase"]
[PlyCount "62"]
[EventDate "2018.07.27"]
[EventType "swiss"]
[EventCountry "IRI"]
[SourceTitle "playchess.com"]
[Source "ChessBase"]
[SourceQuality "1"]
[WhiteTeam "Iraq"]
[BlackTeam "Kazakhstan"]
[WhiteTeamCountry "IRQ"]
[BlackTeamCountry "KAZ"]
[TimeControl "40/5400+30:1800+30"]

1. e4 e5 2. Nf3 Nc6 3. Nc3 Nf6 4. g3 d5 5. exd5 Nxd5 6. Bg2 Nf6 7. O-O Bc5 8. d3 h6 9. Be3 Bxe3 10. fxe3 Bg4 11. Qe1 e4 12. dxe4 O-O 13. Rd1 Nd7 14. Rd2 Re8 15. h3 Bxf3 16. Bxf3 Nce5 17. Bg2 c6 18. b3 Qc7 19. a4 Nc5 20. Qf2 Qa5 21. Nb1 Re7 22. Qf5 Rae8 23. Rd4 Ne6 24. c3 Ng5 25. h4 Ne6 26. Bh3 Qc7 27. Bg2 g6 28. Qf2 Ng4 29. Qe1 Nxd4 30. exd4 f5 31. e5 Qb6 0-1

[Event "Asian Nation Cup Open 2018"]
[Site "Hamedan"]
[Date "2018.07.28"]
[Round "1"]
[White "Mohammad Fahad, Rahman"]
[Black "Tabatabaei, M amin"]
[Result "0-1"]
[ECO "C70"]
[WhiteElo "2237"]
[BlackElo "2590"]
[Annotator "ChessBase"]
[PlyCount "70"]
[EventDate "2018.07.27"]
[EventType "swiss"]
[EventCountry "IRI"]
[SourceTitle "playchess.com"]
[Source "ChessBase"]
[SourceQuality "1"]
[WhiteTeam "Bangladesh"]
[BlackTeam "Iran"]
[WhiteTeamCountry "BAN"]
[BlackTeamCountry "IRI"]
[TimeControl "40/5400+30:1800+30"]

1. e4 e5 2. Nf3 Nc6 3. Bb5 a6 4. Ba4 b5 5. Bb3 g6 6. d4 exd4 7. Nxd4 Na5 8. O-O Bg7 9. c3 Nxb3 10. Nxb3 Ne7 11. Be3 O-O 12. Bd4 f6 13. N1d2 d6 14. Be3 c5 15. Nf3 Bb7 16. Bf4 Nc8 17. Re1 Bc6 18. Qd2 Ra7 19. Rad1 Rd7 20. h4 a5 21. c4 b4 22. Qc2 h6 23. Nh2 f5 24. exf5 a4 25. Nc1 Ne7 26. g4 gxf5 27. Re6 fxg4 28. Bxh6 Nf5 29. Bg5 Qa8 30. Qe2 g3 31. fxg3 Nd4 32. Rxd4 Bxd4+ 33. Be3 Rg7 34. Nf1 Qd8 35. Kh2 Be5 0-1

[Event "Asian Nation Cup Open 2018"]
[Site "Hamedan"]
[Date "2018.07.29"]
[Round "2"]
[White "Monawary, Parwiz"]
[Black "Abdisalimov, Abdimalik"]
[Result "0-1"]
[ECO "B22"]
[WhiteElo "1903"]
[BlackElo "2331"]
[Annotator "NA"]
[PlyCount "90"]
[EventDate "2018.07.27"]
[EventType "swiss"]
[EventCountry "IRI"]
[SourceTitle "playchess.com"]
[Source "ChessBase"]
[SourceQuality "1"]
[WhiteTeam "Afghanistan"]
[BlackTeam "Uzbekistan"]
[WhiteTeamCountry "AFG"]
[BlackTeamCountry "UZB"]
[TimeControl "40/5400+30:1800+30"]

1. e4 c5 2. c3 Nf6 3. e5 Nd5 4. Nf3 Nc6 5. Bc4 Nb6 6. Bb3 d5 7. d4 cxd4 8. cxd4 Bg4 9. Be3 e6 10. Nbd2 Bb4 11. O-O Bxd2 12. Qxd2 Bxf3 13. gxf3 O-O 14. Kh1 f6 15. f4 fxe5 16. fxe5 Qh4 17. f4 Ne7 18. Rf2 Nc4 19. Bxc4 dxc4 20. Rg1 Qh3 21. Qe2 Nd5 22. Rf3 Qf5 23. Bc1 Rac8 24. Qg2 g6 25. h4 c3 26. b3 c2 27. Kh2 Rc3 28. Rxc3 Nxc3 29. Qh3 Ne2 30. Qxf5 Rxf5 31. Rf1 Rf8 32. Kg2 Rd8 33. Be3 Rc8 34. Bc1 Nxd4 35. Kf2 Nf5 36. h5 gxh5 37. Rh1 Rd8 38. Rxh5 Rd1 39. Rg5+ Kf7 40. Rg1 h5 41. Ba3 h4 42. Kg2 Nd4 43. Rh1 Rxh1 44. Kxh1 Ne2 45. Kg2 Nxf4+ 0-1

[Event "Asian Nation Cup Open 2018"]
[Site "Hamedan"]
[Date "2018.07.30"]
[Round "3"]
[White "Ghaem Maghami, Ehsan"]
[Black "Mohammed, Zozek Salah Mohamme"]
[Result "1-0"]
[ECO "A13"]
[WhiteElo "2537"]
[BlackElo "2261"]
[Annotator "ChessBase"]
[PlyCount "84"]
[EventDate "2018.07.27"]
[EventType "swiss"]
[EventCountry "IRI"]
[SourceTitle "playchess.com"]
[Source "ChessBase"]
[SourceQuality "1"]
[WhiteTeam "Iran"]
[BlackTeam "Iraq"]
[WhiteTeamCountry "IRI"]
[BlackTeamCountry "IRQ"]
[TimeControl "40/5400+30:1800+30"]

1. c4 e6 2. Nf3 d5 3. d4 Nf6 4. g3 b6 5. Bg2 Bb7 6. cxd5 exd5 7. O-O Bd6 8. Nc3 a6 9. Qb3 Nbd7 10. Nh4 O-O 11. Nf5 Re8 12. Nxd5 Nxd5 13. Bxd5 Bxd5 14. Qxd5 Nf6 15. Qc4 Qd7 16. Qd3 Ne4 17. Nxd6 Nxd6 18. Bf4 Nf5 19. Rad1 Rad8 20. d5 b5 21. e4 Nd6 22. Rfe1 Nc4 23. Qc3 f6 24. Rc1 Re7 25. b3 Nd6 26. f3 Qh3 27. Qa5 Qc8 28. Qb4 Qa8 29. Rc6 a5 30. Qc5 Qb8 31. Rc1 g5 32. Bxd6 cxd6 33. Qd4 Kf7 34. Kg2 h5 35. h3 g4 36. hxg4 hxg4 37. fxg4 Rg8 38. Rf1 Re5 39. Rf4 Rc8 40. g5 Rxc6 41. dxc6 Qe8 42. Qxd6 Qd8 1-0

[Event "Asian Nation Cup Open 2018"]
[Site "Hamedan"]
[Date "2018.07.31"]
[Round "4"]
[White "Abdisalimov, Abdimalik"]
[Black "Mohammad Minhaz Uddin"]
[Result "1-0"]
[ECO "E47"]
[WhiteElo "2331"]
[BlackElo "2330"]
[Annotator "NA"]
[PlyCount "49"]
[EventDate "2018.07.27"]
[EventType "swiss"]
[EventCountry "IRI"]
[SourceTitle "playchess.com"]
[Source "ChessBase"]
[SourceQuality "1"]
[WhiteTeam "Uzbekistan"]
[BlackTeam "Bangladesh"]
[WhiteTeamCountry "UZB"]
[BlackTeamCountry "BAN"]
[TimeControl "40/5400+30:1800+30"]

1. d4 Nf6 2. c4 e6 3. Nc3 Bb4 4. e3 O-O 5. Bd3 c5 6. Nf3 d5 7. cxd5 exd5 8. O-O Nc6 9. dxc5 Bxc5 10. h3 a6 11. Ne2 Re8 12. b3 Bd7 13. Bb2 Nb4 14. Bb1 Bb5 15. Re1 Bxe2 16. Qxe2 $14 Ne4 17. a3 Nc6 18. b4 Ba7 19. Ba2 Ne7 20. Qd3 Qd6 21. Rad1 Rad8 22. Re2 Nc6 23. Ne5 Nxe5 24. Qxe4 Qc7 25. Rxd5 1-0

[Event "Asian Nation Cup Open 2018"]
[Site "Hamedan"]
[Date "2018.08.01"]
[Round "5"]
[White "Ismagambetov, Anuar"]
[Black "Tahbaz, Arash"]
[Result "1/2-1/2"]
[ECO "C78"]
[WhiteElo "2529"]
[BlackElo "2449"]
[Annotator "ChessBase"]
[PlyCount "36"]
[EventDate "2018.07.27"]
[EventType "swiss"]
[EventCountry "IRI"]
[SourceTitle "playchess.com"]
[Source "ChessBase"]
[SourceQuality "1"]
[WhiteTeam "Kazakhstan"]
[BlackTeam "Iran"]
[WhiteTeamCountry "KAZ"]
[BlackTeamCountry "IRI"]
[TimeControl "40/5400+30:1800+30"]

1. e4 e5 2. Nf3 Nc6 3. Bb5 a6 4. Ba4 Nf6 5. O-O b5 6. Bb3 Bb7 7. d3 Be7 8. Nc3 O-O 9. Bd2 d6 10. Nd5 Nxd5 11. Bxd5 Qc8 12. Re1 Bf6 13. c3 Ne7 14. Bxb7 Qxb7 15. d4 Ng6 16. Qc2 Rfe8 17. Rad1 exd4 18. cxd4 c5 1/2-1/2

[Event "Asian Nation Cup Open 2018"]
[Site "Hamedan"]
[Date "2018.08.01"]
[Round "5"]
[White "Kostenko, Petr"]
[Black "Gholami Orimi, Mahdi"]
[Result "1-0"]
[ECO "A13"]
[WhiteElo "2444"]
[BlackElo "2333"]
[Annotator "NA"]
[PlyCount "83"]
[EventDate "2018.07.27"]
[EventType "swiss"]
[EventCountry "IRI"]
[SourceTitle "playchess.com"]
[Source "ChessBase"]
[SourceQuality "1"]
[WhiteTeam "Kazakhstan"]
[BlackTeam "Iran"]
[WhiteTeamCountry "KAZ"]
[BlackTeamCountry "IRI"]
[TimeControl "40/5400+30:1800+30"]

1. c4 e6 2. Nf3 b6 3. Nc3 Bb7 4. e4 Bb4 5. Qb3 Bxc3 6. Qxc3 Bxe4 7. Qxg7 Qf6 8. Qxf6 Nxf6 9. Be2 Rg8 10. d3 Bb7 11. Bg5 Bxf3 12. Bxf3 Rxg5 13. Bxa8 c6 14. b4 Rxg2 15. b5 Rg5 16. a4 Kd8 17. Kd2 Rf5 18. Raf1 a6 19. a5 axb5 20. axb6 bxc4 21. dxc4 d6 22. Rhg1 Nbd7 23. b7 Kc7 24. Rg7 Kb8 25. f3 Ne5 26. Ke2 Rh5 27. Rf2 Rh3 28. f4 Ned7 29. Rxf7 Rb3 30. Kf1 Rb4 31. Rc2 c5 32. Kg2 d5 33. f5 exf5 34. cxd5 c4 35. d6 Ka7 36. Re7 Kb8 37. Kf3 Nb6 38. Kf4 Nbd5+ 39. Kxf5 Nxe7+ 40. dxe7 Ne8 41. Rd2 Rb5+ 42. Kf4 1-0

[Event "Asian Nation Cup Open 2018"]
[Site "Hamedan"]
[Date "2018.08.02"]
[Round "6"]
[White "Bai, Jinshi"]
[Black "Abdisalimov, Abdimalik"]
[Result "1/2-1/2"]
[ECO "A04"]
[WhiteElo "2588"]
[BlackElo "2331"]
[Annotator "ChessBase"]
[PlyCount "77"]
[EventDate "2018.07.27"]
[EventType "swiss"]
[EventCountry "IRI"]
[SourceTitle "playchess.com"]
[Source "ChessBase"]
[SourceQuality "1"]
[WhiteTeam "China"]
[BlackTeam "Uzbekistan"]
[WhiteTeamCountry "CHN"]
[BlackTeamCountry "UZB"]
[TimeControl "40/5400+30:1800+30"]

1. Nf3 c5 2. c4 Nc6 3. Nc3 g6 4. e3 Nf6 5. d4 cxd4 6. exd4 d5 7. cxd5 Nxd5 8. Bc4 e6 9. Bxd5 exd5 10. O-O Bg7 11. Bg5 Qa5 12. Re1+ Be6 13. Qd2 O-O 14. Bh6 Rfe8 15. Bxg7 Kxg7 16. Qf4 f6 17. g4 Qd8 18. g5 fxg5 19. Nxg5 Bg8 20. Rxe8 Qxe8 21. Qc7+ Kh6 22. Nf3 Qf8 23. Qg3 Re8 24. Re1 Rxe1+ 25. Nxe1 Qf6 26. Qe3+ g5 27. Nf3 Kg6 28. Ne2 Qf5 29. Ng3 Qf4 30. Qd3+ Kh6 31. Nf5+ Kh5 32. Ng3+ Kh6 33. Nf5+ Kh5 34. h3 Nb4 35. Ng7+ Kh6 36. Nf5+ Kh5 37. Ng7+ Kh6 38. Nf5+ Kh5 39. Ng7+ 1/2-1/2

[Event "Asian Nation Cup Open 2018"]
[Site "Hamedan"]
[Date "2018.08.03"]
[Round "7"]
[White "Gupta, Abhijeet"]
[Black "Gholami Orimi, Mahdi"]
[Result "1/2-1/2"]
[ECO "E04"]
[WhiteElo "2614"]
[BlackElo "2333"]
[Annotator "ChessBase"]
[PlyCount "102"]
[EventDate "2018.07.27"]
[EventType "swiss"]
[EventCountry "IRI"]
[SourceTitle "playchess.com"]
[Source "ChessBase"]
[SourceQuality "1"]
[WhiteTeam "India"]
[BlackTeam "Iran"]
[WhiteTeamCountry "IND"]
[BlackTeamCountry "IRI"]
[TimeControl "40/5400+30:1800+30"]

1. d4 Nf6 2. c4 e6 3. Nf3 d5 4. g3 dxc4 5. Bg2 c5 6. O-O Nc6 7. Ne5 Nd5 8. Nxc6 bxc6 9. Na3 Be7 10. dxc5 Bxc5 11. Nxc4 Ba6 12. Ne5 O-O 13. Qc2 Bb6 14. Nc4 Rb8 15. Nxb6 Qxb6 16. b3 c5 17. Rd1 c4 18. Bxd5 exd5 19. Be3 cxb3 20. axb3 Qe6 21. Qa2 Bb5 22. Rd2 a6 23. Rad1 Rfd8 24. Rd4 Rd7 25. Rc1 Rdd8 26. Rcd1 Rd7 27. Qc2 h6 28. Kg2 Rdb7 29. h3 Bd7 30. Rg4 Qe8 31. Rf4 Rxb3 32. Bd4 Qc8 33. Qd2 Bxh3+ 34. Kh2 Bf5 35. Ba1 Qe6 36. Qd4 f6 37. Qxd5 Qxd5 38. Rxd5 Be6 39. Ra5 R8b6 40. Rd4 R3b5 41. Ra3 Rh5+ 42. Kg2 Bh3+ 43. Kf3 Rf5+ 44. Rf4 Rxf4+ 45. Kxf4 Bd7 46. e4 Kf7 47. Ke3 h5 48. Bd4 Re6 49. f4 Bb5 50. Rc3 Rc6 51. f5 Rxc3+ 1/2-1/2

[Event "Asian Nation Cup Open 2018"]
[Site "Hamedan"]
[Date "2018.08.03"]
[Round "7"]
[White "Wen, Yang"]
[Black "Ismagambetov, Anuar"]
[Result "1/2-1/2"]
[ECO "B33"]
[WhiteElo "2599"]
[BlackElo "2529"]
[Annotator "ChessBase"]
[PlyCount "32"]
[EventDate "2018.07.27"]
[EventType "swiss"]
[EventCountry "IRI"]
[SourceTitle "playchess.com"]
[Source "ChessBase"]
[SourceQuality "1"]
[WhiteTeam "China"]
[BlackTeam "Kazakhstan"]
[WhiteTeamCountry "CHN"]
[BlackTeamCountry "KAZ"]
[TimeControl "40/5400+30:1800+30"]

1. e4 c5 2. Nf3 Nc6 3. d4 cxd4 4. Nxd4 Nf6 5. Nc3 e5 6. Ndb5 d6 7. Bg5 a6 8. Na3 b5 9. Nd5 Be7 10. Bxf6 Bxf6 11. c4 Nd4 12. Bd3 Bb7 13. O-O Bxd5 14. cxd5 O-O 15. Nc2 Nxc2 16. Qxc2 Qb6 1/2-1/2

[Event "Asian Nation Cup Open 2018"]
[Site "Hamedan"]
[Date "2018.08.03"]
[Round "7"]
[White "Bai, Jinshi"]
[Black "Kostenko, Petr"]
[Result "0-1"]
[ECO "D20"]
[WhiteElo "2588"]
[BlackElo "2444"]
[Annotator "ChessBase"]
[PlyCount "82"]
[EventDate "2018.07.27"]
[EventType "swiss"]
[EventCountry "IRI"]
[SourceTitle "playchess.com"]
[Source "ChessBase"]
[SourceQuality "1"]
[WhiteTeam "China"]
[BlackTeam "Kazakhstan"]
[WhiteTeamCountry "CHN"]
[BlackTeamCountry "KAZ"]
[TimeControl "40/5400+30:1800+30"]

1. d4 d5 2. c4 dxc4 3. e3 e5 4. Bxc4 exd4 5. exd4 Bd6 6. Nf3 Nf6 7. Qe2+ Qe7 8. Qxe7+ Bxe7 9. O-O O-O 10. Re1 Bd6 11. Bg5 Nbd7 12. Nc3 a6 13. a4 h6 14. Bh4 Bb4 15. Ne5 Nxe5 16. dxe5 Nh5 17. Rec1 Bxc3 18. Rxc3 g5 19. Bg3 Re8 20. Rd1 Bf5 21. h4 gxh4 22. Bh2 Rad8 23. Be2 Rxd1+ 24. Bxd1 Ng7 25. Bf3 Ne6 26. Rc4 h3 27. g4 Bd3 28. Rc3 Rd8 29. Bg3 c6 30. Kh2 Ng5 31. Bh1 Be4 32. Rb3 Bxh1 33. Kxh1 Rd4 34. Kh2 Rxg4 35. f3 Rc4 36. f4 Rc2+ 37. Kh1 Ne6 38. Rd3 Rxb2 39. f5 Ng5 40. Re3 Kf8 41. Bh4 Rb4 0-1

[Event "Asian Nation Cup Open 2018"]
[Site "Hamedan"]
[Date "2018.08.03"]
[Round "7"]
[White "Idani, Pouya"]
[Black "Abdulwahhab, Ahmed Abdulsattar A"]
[Result "1-0"]
[ECO "E63"]
[WhiteElo "2583"]
[BlackElo "2290"]
[Annotator "ChessBase"]
[PlyCount "61"]
[EventDate "2018.07.27"]
[EventType "swiss"]
[EventCountry "IRI"]
[SourceTitle "playchess.com"]
[Source "ChessBase"]
[SourceQuality "1"]
[WhiteTeam "Iran"]
[BlackTeam "Iraq"]
[WhiteTeamCountry "IRI"]
[BlackTeamCountry "IRQ"]
[TimeControl "40/5400+30:1800+30"]

1. Nf3 Nf6 2. c4 g6 3. g3 Bg7 4. Bg2 O-O 5. d4 d6 6. O-O Nc6 7. Nc3 a6 8. b3 Rb8 9. d5 Na5 10. Bd2 c5 11. dxc6 Nxc6 12. Rc1 Bf5 13. Ng5 h6 14. Nge4 Nxe4 15. Nxe4 Qd7 16. Re1 Rfc8 17. Bc3 b5 18. Bxg7 Kxg7 19. c5 Qe6 20. Qc2 Kh7 21. cxd6 exd6 22. Qd3 Nb4 23. Qxd6 Nxa2 24. Rcd1 Qxd6 25. Nxd6 Rc5 26. Nxf5 Rxf5 27. Rd7 Kg7 28. e4 Rc5 29. e5 Nb4 30. e6 Rf8 31. e7 1-0